Map: Jagannatha LE

Players

LiquidClem (Clem) - Winner!

  • Race: Terran Terran
  • League: Grandmaster

Reynor

  • Race: Zerg Zerg
  • League: Master

Event: DreamHack SC2 Masters 2021 Summer

VOD

Have the link to the VOD?

Description

Time

  • Played on: June 6, 2021, 1:42 p.m.
  • Length: 15:52

All games in this series

Show
View Real Time Build Order
Export as new Build Order

LiquidClem Terran - Winner!

Build Orders: Reaper Expand, Hellion Banshee 

Get SALT Encoding   

  12  0:00  SCV  
  13  0:12  SCV  
  14  0:17  Supply Depot  
  14  0:24  SCV  
  15  0:39  SCV  
  15  0:41  Barracks  
  16  0:43  Refinery  
  16  0:51  SCV  
  17  1:03  SCV  
  18  1:15  SCV  
  19  1:28  Reaper  
  19  1:29  Orbital Command  
  20  1:41  Command Center  
  20  1:49  Supply Depot  
  20  1:54  SCV  
  20  1:59  Marine  
  22  2:06  SCV  
  23  2:12  Factory  
  23  2:18  SCV  
  23  2:21  Barracks Reactor  
  24  2:30  SCV  
  25  2:40  Command Center  
  25  2:45  SCV  
  26  2:53  Orbital Command  
  26  2:57  SCV  
  27  3:00  Starport  
  27  3:05  Refinery  
  27  3:09  SCV  
  28  3:13  Hellion  
  28  3:18  Hellion  
  32  3:20  SCV  
  32  3:23  Barracks Tech Lab  
  33  3:28  SCV  
  33  3:32  SCV  
  35  3:34  Hellion  
  35  3:40  SCV, Hellion  
  40  3:44  SCV  
  40  3:45  Banshee  
  44  3:52  SCV  
  44  3:54  Orbital Command  
  45  3:56  SCV  
  45  3:57  Cloaking Field  
  45  4:01  Hellion  
  48  4:05  Hellion  
  48  4:07  SCV  
  51  4:11  SCV  
  51  4:15  Supply Depot  
  51  4:16  Barracks Tech Lab  
  52  4:19  SCV  
  52  4:20  SCV  
  52  4:23  SCV  
  55  4:28  Banshee, Hellion  
  60  4:36  SCV  
  60  4:37  SCV, Hellion  
  64  4:39  Stimpack  
  64  4:40  SCV, Supply Depot  
  65  4:47  Marine  
  65  4:49  SCV, Barracks  
  65  4:50  SCV, Barracks  
  68  4:57  SCV  
  69  5:00  Engineering Bay x2  
  69  5:01  Refinery  
  69  5:05  Marine  
  69  5:06  Refinery  
  70  5:07  Supply Depot  
  70  5:11  SCV x2, Orbital Command  
  72  5:17  Factory Reactor  
  72  5:18  Engineering Bay  
  72  5:19  Engineering Bay  
  72  5:22  Marine  
  72  5:23  SCV x2  
  72  5:27  Starport Reactor  
  75  5:31  Supply Depot  
  75  5:32  Barracks  
  75  5:33  Barracks  
  75  5:35  SCV  
  76  5:36  Barracks Reactor  
  76  5:38  Factory  
  76  5:41  SCV  
  77  5:43  SCV  
  77  5:47  SCV  
  77  5:48  Marine x2  
  81  5:51  Marine  
  81  5:53  SCV, Supply Depot  
  81  5:56  SCV, Widow Mine x2  
  85  6:06  Marine x2  
  85  6:09  Marine, Supply Depot  
  85  6:10  SCV  
  79  6:15  Marine x2  
  79  6:16  Medivac x2  
  79  6:17  SCV  
  85  6:19  SCV  
  85  6:23  Barracks Reactor x2  
  85  6:24  Armory  
  86  6:26  Widow Mine  
  86  6:29  Widow Mine  
  86  6:30  Widow Mine  
  86  6:32  SCV  
  93  6:35  SCV  
  93  6:36  SCV, Marine  
  93  6:37  Marine  
  93  6:39  Marine  
  98  6:44  SCV  
  99  6:47  Widow Mine, Supply Depot  
  99  6:49  Terran Infantry Armor Level 1, Terran Infantry Weapons Level 1  
  99  6:50  SCV x2  
  99  6:51  Marine  
  99  6:52  Marine  
  105  6:54  Marine  
  105  6:56  Marine  
  105  6:57  SCV  
  105  7:01  Marine x2  
  109  7:02  SCV  
  109  7:03  SCV  
  109  7:04  Supply Depot  
  109  7:05  Medivac  
  114  7:10  SCV, Medivac  
  114  7:13  Refinery, Drilling Claws  
  114  7:14  SCV  
  118  7:18  Missile Turret  
  118  7:19  Missile Turret  
  118  7:20  Marine  
  118  7:21  Widow Mine  
  118  7:22  Marine  
  120  7:26  Marine  
  120  7:27  Marine x2  
  120  7:29  SCV  
  124  7:30  Supply Depot  
  124  7:31  SCV x2  
  124  7:34  Widow Mine  
  124  7:38  Widow Mine  
  124  7:39  Marine  
  124  7:41  SCV  
  124  7:43  SCV, Marine x2, Supply Depot  
  131  7:46  Widow Mine, Marine  
  131  7:47  Marine  
  131  7:51  Marine x2  
  133  7:52  Medivac  
  133  7:53  Marine  
  136  7:58  Supply Depot x2  
  136  7:59  Widow Mine  
  136  8:00  Marine  
  136  8:01  Supply Depot, Combat Shield  
  136  8:03  Marine  
  140  8:06  Marine  
  140  8:12  Command Center  
  141  8:16  Refinery  
  141  8:17  Widow Mine x2, Marine  
  146  8:22  Marine x2  
  146  8:23  Marine x2, Supply Depot  
  146  8:24  Medivac  
  146  8:25  Widow Mine, Marine  
  155  8:27  Marine x2  
  155  8:29  Medivac  
  159  8:36  Marine  
  159  8:37  Marine  
  159  8:38  Thor  
  159  8:39  Marine  
  168  8:43  Marine  
  164  8:49  Widow Mine x2, Marine  
  164  8:50  Marine  
  164  8:51  Marine  
  164  8:54  Marine x2  
  170  8:57  Supply Depot x2  
  170  8:58  Terran Infantry Weapons Level 2, Terran Infantry Armor Level 2  
  170  9:00  Terran Vehicle And Ship Armor Level 1  
  170  9:02  Marine, Medivac  
  170  9:06  Marine  
  170  9:09  Medivac  
  173  9:10  Widow Mine  
  173  9:14  Marine  
  173  9:15  Marine, Missile Turret  
  173  9:16  SCV x2  
  174  9:19  Marine  
  171  9:24  Sensor Tower  
  171  9:28  Bunker, Widow Mine, Marine  
  171  9:29  Marine x2  
  176  9:33  Marine x2  
  176  9:37  Widow Mine, Marine, SCV  
  177  9:41  Marine  
  177  9:42  SCV  
  177  9:43  Widow Mine, SCV  
  177  9:44  Marine  
  177  9:45  Bunker, Marauder  
  180  9:49  Widow Mine, Marine x2  
  180  9:50  Marine  
  185  9:55  Marine  
  185  9:58  Widow Mine  
  188  10:03  SCV  
  188  10:04  Marine x2, Thor  
  187  10:08  SCV x2  
  187  10:12  Planetary Fortress  
  189  10:15  SCV  
  189  10:17  Widow Mine  
  189  10:19  Marine  
  189  10:20  SCV x2  
  195  10:24  Widow Mine, Marine x2  
  195  10:26  Marine  
  200  10:32  Marine x2  
  191  10:36  Marine  
  191  10:37  SCV  
  191  10:39  Widow Mine  
  191  10:40  Marine x2  
  197  10:45  Barracks x2  
  197  10:46  Widow Mine  
  197  10:47  SCV, Barracks  
  197  10:48  SCV  
  199  10:59  Widow Mine, Marine  
  199  11:00  SCV  
  199  11:02  Widow Mine, Marine x2  
  199  11:03  Marine  
  191  11:07  Widow Mine  
  191  11:10  Command Center  
  193  11:14  SCV x2  
  193  11:15  SCV, Marine  
  193  11:17  Marine x2  
  195  11:20  Widow Mine, Marine x2  
  195  11:24  Widow Mine  
  196  11:25  Marine  
  196  11:28  Widow Mine  
  199  11:33  Marine  
  199  11:35  Terran Infantry Weapons Level 3  
  200  11:43  Command Center  
  200  11:48  Widow Mine  
  200  11:49  Marine  
  200  11:52  SCV  
  196  11:55  Widow Mine  
  196  11:56  Marine x2  
  199  12:04  Widow Mine  
  199  12:06  SCV  
  199  12:07  Marine  
  199  12:08  SCV, Marine x3  
  190  12:11  Widow Mine, Marine  
  190  12:15  Marine  
  189  12:16  Widow Mine  
  189  12:19  SCV  
  189  12:20  Marine x3  
  195  12:25  Marine  
  195  12:26  Widow Mine, Marine x2  
  195  12:27  SCV x2  
  195  12:28  Marine  
  195  12:29  Marine  
  192  12:31  Medivac x2  
  192  12:33  Widow Mine, Marine  
  192  12:34  Missile Turret  
  199  12:38  Terran Infantry Armor Level 3  
  199  12:43  Widow Mine  
  185  12:44  Marine, Marauder  
  185  12:47  Widow Mine, Marine x3  
  180  12:54  Marine  
  180  12:55  Marine  
  180  12:58  Barracks Tech Lab x3  
  174  13:06  Marauder, Planetary Fortress  
  174  13:12  Widow Mine  
  178  13:13  Marine x2  
  178  13:18  Medivac  
  174  13:21  Missile Turret  
  174  13:23  Missile Turret  
  174  13:25  Widow Mine  
  174  13:26  Widow Mine, Marauder x3  
  174  13:27  Marine, Marauder  
  179  13:28  Marine  
  175  13:35  Marine x3  
  175  13:38  Widow Mine, Marine  
  175  13:39  Marine  
  170  13:45  Marine x2  
  170  13:47  Marauder  
  170  13:48  Marauder x2  
  174  13:49  Marauder  
  174  13:50  SCV  
  174  13:53  SCV  
  174  13:54  SCV, Planetary Fortress  
  165  13:56  SCV x2, Missile Turret  
  165  14:00  Widow Mine  
  165  14:01  Widow Mine, Marine  
  168  14:05  Marine x3  
  168  14:07  Marine  
  168  14:08  Marine x3  
  168  14:09  Marauder x2  
  179  14:16  Liberator x2  
  178  14:17  Widow Mine  
  178  14:18  Marauder x2  
  178  14:20  Marine  
  178  14:22  Marine  
  180  14:24  Widow Mine x2  
  180  14:27  SCV x2  
  180  14:28  Marine x2  
  180  14:30  Marauder x2  
  188  14:37  Marine x2  
  190  14:39  SCV, Marauder x2  
  195  14:51  Widow Mine  
  195  14:52  Widow Mine, Marine x2  
  198  14:53  Marauder, Marine  
  198  14:56  Widow Mine  
  198  15:00  Marauder  
  198  15:04  SCV, Marauder  
  198  15:07  SCV  
  192  15:10  SCV x2  
  192  15:13  Widow Mine  
  196  15:20  Marine  
  196  15:21  Marauder  
  183  15:22  Marine  
  183  15:24  Widow Mine  
  183  15:26  Marauder  
  185  15:31  SCV, Command Center  
Show
View Real Time Build Order
Export as new Build Order

Reynor Zerg 

Build Orders: Hatch First, Muta Ling Bane 

Get SALT Encoding   

  12  0:00  Drone  
  13  0:12  Overlord  
  13  0:17  Drone  
  14  0:30  Drone x2  
  16  0:47  Hatchery  
  15  0:51  Drone  
  15  0:55  Drone  
  17  0:57  Drone  
  18  1:08  Extractor  
  17  1:13  Spawning Pool  
  17  1:16  Drone  
  17  1:19  Drone  
  18  1:27  Drone  
  19  1:38  Drone  
  20  1:49  Drone  
  21  1:59  Overlord  
  21  2:00  Zergling x2, Queen x2  
  26  2:10  Drone x2  
  28  2:21  Zergling x2  
  29  2:23  Drone  
  29  2:27  Spore Crawler  
  30  2:34  Metabolic Boost, Hatchery  
  30  2:35  Drone  
  28  2:38  Drone  
  29  2:45  Queen  
  29  2:49  Drone  
  29  2:50  Drone  
  33  2:55  Overlord  
  33  2:58  Drone  
  34  3:04  Drone  
  35  3:11  Overlord  
  35  3:13  Drone  
  36  3:21  Queen x2  
  36  3:23  Drone x2  
  36  3:25  Drone  
  43  3:30  Overlord  
  43  3:31  Drone  
  44  3:35  Drone  
  44  3:37  Drone  
  46  3:42  Drone x2  
  46  3:43  Drone  
  46  3:46  Queen  
  46  3:48  Zergling x2  
  52  3:51  Zergling x4  
  52  3:54  Overlord  
  55  3:55  Drone  
  55  3:58  Drone  
  55  3:59  Drone  
  55  4:01  Drone  
  55  4:02  Drone  
  59  4:07  Lair  
  58  4:10  Extractor  
  58  4:12  Drone x2  
  58  4:13  Drone  
  60  4:19  Overlord  
  60  4:22  Queen, Drone  
  60  4:23  Drone  
  64  4:31  Drone x4  
  68  4:35  Zergling x8  
  68  4:38  Overlord  
  72  4:40  Spore Crawler, Drone  
  72  4:42  Spore Crawler  
  71  4:46  Overlord  
  71  4:47  Drone  
  71  4:48  Drone  
  71  4:50  Drone x2  
  71  4:52  Overlord  
  75  4:57  Spore Crawler  
  76  5:00  Drone x4  
  76  5:04  Zergling x4  
  76  5:06  Overseer  
  80  5:08  Extractor  
  80  5:11  Drone x2  
  80  5:12  Spire  
  80  5:14  Drone x3  
  80  5:17  Overlord  
  80  5:19  Drone x2  
  80  5:21  Extractor, Drone  
  86  5:24  Drone  
  86  5:28  Overlord  
  86  5:29  Drone  
  86  5:31  Drone  
  86  5:33  Zergling x4  
  90  5:36  Overseer  
  90  5:37  Drone x3  
  90  5:39  Extractor x2, Drone  
  90  5:40  Overlord  
  92  5:43  Zergling x4  
  92  5:48  Zergling x6  
  92  5:49  Overlord  
  97  5:51  Drone  
  98  6:02  Zergling x8  
  98  6:03  Zergling x2  
  100  6:04  Evolution Chamber  
  91  6:14  Drone x5  
  91  6:15  Drone  
  91  6:17  Overlord  
  92  6:27  Overlord  
  93  6:33  Mutalisk x6  
  93  6:37  Hatchery  
  104  6:42  Drone  
  104  6:43  Drone x2, Baneling Nest  
  104  6:45  Evolution Chamber  
  105  6:47  Mutalisk x2  
  105  6:50  Zergling x6  
  112  6:59  Zergling x4  
  112  7:00  Overlord  
  114  7:01  Zergling x2, Pneumatized Carapace  
  114  7:03  Zergling x4  
  114  7:04  Zergling x2  
  118  7:11  Mutalisk x2  
  118  7:13  Drone  
  123  7:17  Hatchery  
  123  7:21  Zerg Ground Armor Level 1  
  123  7:22  Drone x2  
  124  7:23  Evolution Chamber  
  124  7:24  Drone  
  124  7:27  Mutalisk x2  
  124  7:29  Overlord  
  128  7:31  Drone x4  
  128  7:32  Overlord  
  128  7:34  Mutalisk  
  128  7:36  Drone x2  
  136  7:37  Drone  
  136  7:41  Centrifical Hooks  
  137  7:46  Overlord  
  137  7:47  Mutalisk  
  137  7:49  Drone  
  137  7:50  Drone  
  141  7:53  Queen  
  141  7:55  Extractor  
  141  7:56  Zergling x10  
  141  7:58  Zerg Melee Weapons Level 1  
  145  7:59  Drone x5  
  150  8:09  Mutalisk x2  
  150  8:11  Zerg Flyer Weapons Level 1  
  150  8:12  Hatchery  
  153  8:13  Drone x3  
  153  8:14  Zergling x4  
  153  8:16  Extractor  
  153  8:19  Mutalisk  
  157  8:22  Zergling x4  
  157  8:23  Overlord  
  162  8:27  Zergling x12  
  162  8:30  Spore Crawler  
  162  8:31  Spore Crawler  
  162  8:32  Mutalisk x2  
  169  8:35  Zergling x2  
  169  8:36  Zergling x8  
  169  8:40  Overlord  
  173  8:53  Drone x5  
  173  8:54  Drone  
  173  8:55  Zergling x14  
  182  8:58  Overlord  
  182  9:01  Baneling  
  182  9:02  Baneling x11  
  182  9:05  Zergling x6  
  182  9:06  Zergling x6  
  182  9:08  Overlord  
  186  9:15  Baneling x12  
  186  9:16  Mutalisk x3  
  190  9:20  Drone x2  
  190  9:23  Zergling x6  
  197  9:25  Overseer  
  197  9:26  Drone x2  
  197  9:31  Baneling x6, Infestation Pit  
  198  9:33  Zergling x2  
  195  9:44  Overlord  
  193  9:48  Zergling x12  
  193  9:50  Overlord  
  188  10:08  Mutalisk x5  
  188  10:09  Zerg Flyer Weapons Level 2  
  188  10:11  Hive  
  188  10:12  Zergling x8  
  200  10:21  Baneling x2, Extractor  
  200  10:24  Baneling x10  
  200  10:26  Baneling x3  
  196  10:37  Baneling x9  
  196  10:39  Drone x2  
  196  10:40  Drone x3  
  199  10:46  Zerg Ground Armor Level 2  
  199  10:55  Baneling x5  
  199  11:02  Zerg Melee Weapons Level 2  
  188  11:07  Zergling x24  
  187  11:13  Zergling x6  
  187  11:14  Zergling x20  
  196  11:29  Zergling x8  
  196  11:31  Baneling  
  196  11:32  Baneling x11  
  198  11:37  Ultralisk Cavern  
  197  11:41  Baneling x16  
  189  11:56  Zergling x2  
  189  11:57  Zergling x40  
  186  12:08  Zergling x36  
  163  12:15  Zergling x4  
  163  12:16  Zergling x4  
  163  12:18  Baneling x22  
  163  12:19  Zergling x2  
  163  12:20  Zergling x10  
  163  12:21  Zergling x4  
  172  12:29  Ultralisk x2, Zergling x2  
  165  12:30  Zergling x6  
  165  12:31  Baneling x6  
  165  12:33  Zergling x4  
  165  12:36  Queen  
  168  12:39  Chitinous Plating  
  168  12:40  Extractor  
  160  12:48  Ultralisk, Zergling x22  
  162  12:55  Overseer  
  138  12:58  Drone x5  
  138  12:59  Overseer, Drone x2  
  138  13:01  Ultralisk, Zergling x2  
  149  13:05  Zergling x2  
  149  13:06  Zergling x6  
  149  13:08  Baneling x9  
  149  13:10  Zergling x6  
  149  13:12  Queen  
  158  13:18  Baneling  
  158  13:19  Zergling x10  
  157  13:24  Ultralisk, Zergling x8  
  157  13:25  Zergling x6, Hatchery  
  155  13:36  Zergling x10  
  155  13:38  Ultralisk, Zergling x6  
  158  13:41  Zergling x2  
  158  13:43  Baneling x16  
  158  13:45  Zergling x4  
  158  13:48  Zergling x4  
  161  13:53  Zergling x6  
  162  14:00  Adrenal Glands  
  162  14:02  Drone x2  
  163  14:10  Zergling x20  
  163  14:17  Ultralisk, Zergling x6  
  163  14:19  Zergling x4  
  163  14:20  Zergling x4  
  163  14:21  Zergling x2  
  172  14:31  Overseer  
  172  14:33  Overseer  
  172  14:34  Baneling x5, Zergling x2  
  172  14:35  Zergling x24, Anabolic Synthesis  
  172  14:38  Baneling x15  
  185  14:42  Zergling x12  
  191  14:45  Overlord  
  191  14:46  Overseer  
  191  14:52  Zergling x8  
  166  15:04  Ultralisk x2, Zergling x12  
  166  15:06  Zergling x4  
  164  15:18  Zergling x8  
  152  15:24  Zergling x10  
  150  15:29  Zergling x4  
  150  15:30  Zergling x4  
Tags
 
Add a new tag
Caveats
  • Supply blocks, unpowered buildings, or Contaminate may cause inaccurate times.
  • Supply counts are checked every 10 seconds.